 Dungeon Crawl Stone Soup version 0.21.1 (webtiles) character file.

160 JeffiDaFish the Grave Robber (level 5, -3/36 HPs)
             Began as a Mummy Necromancer on Feb 3, 2018.
             Slain by Purgy (4 damage)
             ... on level 3 of the Dungeon.
             The game lasted 00:08:25 (2594 turns).

JeffiDaFish the Grave Robber (Mummy Necromancer)    Turns: 2594, Time: 00:08:25

Health: -3/36      AC:  4    Str: 11    XL:     5   Next: 17%
Magic:  0/11       EV: 12    Int: 15    God:
Gold:   135        SH:  0    Dex: 13    Spells: 4/13 levels left

rFire    x . .     SeeInvis .   g - +0 dagger (vamp)
rCold    + . .     Gourm    .   (no shield)
rNeg     + + +     Faith    .   a - +0 robe
rPois    ∞         Spirit   .   h - +1 helmet
rElec    .         Reflect  .   (no cloak)
rCorr    .         Harm     .   (no gloves)
MR       .....                  (no boots)
Stlth    ++........             (no amulet)
HPRegen  0.12/turn              (no ring)
MPRegen  0.12/turn              (no ring)

@: no status effects
A: no food or potions, fire vulnerability, cold resistance 1, negative energy
resistance 3, torment resistance, unbreathing
a: no special abilities


You were on level 3 of the Dungeon.
You were not hungry.

You visited 1 branch of the dungeon, and saw 3 of its levels.

You collected 135 gold pieces.

Inventory:

Hand Weapons
 e - a +1 spear
 g - a +0 vampiric dagger (weapon)
Armour
 a - a +0 robe (worn)
 h - a +1 helmet (worn)
Wands
 i - a wand of polymorph (10)
Scrolls
 c - 5 scrolls of identify
 d - a scroll of remove curse
 f - a scroll of blinking
Books
 b - a book of Necromancy

   Spells                             Type                      Level
   a - Pain                           Necromancy                   1
   b - Animate Skeleton               Necromancy                   1
   c - Vampiric Draining              Necromancy                   3
   d - Regeneration                   Charms/Necromancy            3
   e - Animate Dead                   Necromancy                   4
   f - Borgnjor's Vile Clutch         Necromancy/Earth             5


   Skills:
 + Level 0.4 Fighting
 + Level 0.1 Short Blades
 + Level 2.3 Dodging
 + Level 1.8 Stealth
 + Level 4.5 Spellcasting
 + Level 5.0 Necromancy


You had 4 spell levels left.
You knew the following spells:

 Your Spells              Type           Power        Failure   Level  Hunger
a - Pain                  Necr           ###.         2%          1    N/A
b - Animate Skeleton      Necr           N/A          2%          1    N/A
c - Vampiric Draining     Necr           ###.......   6%          3    N/A
d - Animate Dead          Necr           N/A          22%         4    N/A

Dungeon Overview and Level Annotations

Branches:
Dungeon (3/15)

Altars:
Gozag

Annotations:
D:3 Purgy


Innate Abilities, Weirdness & Mutations

You do not eat or drink.
Your flesh is vulnerable to fire.
You are immune to poison.
Your flesh is cold resistant. (rC+)
You are immune to negative energy. (rN+++)
You are immune to unholy pain and torment.
You can survive without breathing.


Message History

Purgy bites you.
* * * LOW HITPOINT WARNING * * *
Purgy closely misses you. x2
You hit Purgy but do no damage.
Purgy is almost dead.
Purgy closely misses you. Purgy claws you but does no damage.
Purgy barely misses you.
You hit Purgy.
Purgy is almost dead.
Purgy closely misses you. Purgy claws you.
* * * LOW HITPOINT WARNING * * *
Purgy claws you.
* * * LOW HITPOINT WARNING * * *
Casting: Pain
Confirm with . or Enter, or press ? or * to list all spells.
Aiming: Pain
Press: ? - help, Shift-Dir - straight line, f/p - Purgy
Aim: Purgy (almost dead, chance to defeat MR: 84%) Purgy writhes in agony!
Purgy bites you.
You die...

.......#.....#
............##
#######.....#
#..#### #..#
######..# ###.
#....!..###.....
#.#####.........
#@T...###.
#$###.# ... #
##... #..## #$..
.... ....#


You could see Purgy.

Vanquished Creatures
  An orc wizard (D:3)
  6 adders
  A worm (D:1)
  3 dart slugs
  An orc (D:3)
  4 giant cockroaches
  2 goblins
  3 hobgoblins
  8 jackals (D:2)
  2 kobolds
  A ball python (D:3)
  8 bats
  A frilled lizard (D:2)
  2 rats
43 creatures vanquished.

Vanquished Creatures (collateral kills)
  An orc wizard (D:3)
  An adder (D:3)
  A jackal (D:2)
3 creatures vanquished.

Vanquished Creatures (others)
  5 toadstools (D:1)
5 creatures vanquished.

Grand Total: 51 creatures vanquished

Notes
Turn   | Place    | Note
-------+----------+-------------------------------------------
     0 | D:1      | JeffiDaFish the Mummy Necromancer began the quest for the Orb.
     0 | D:1      | Reached XP level 1. HP: 13/13 MP: 4/4
   290 | D:1      | Learned a level 1 spell: Animate Skeleton
   613 | D:1      | Reached XP level 2. HP: 19/19 MP: 1/5
  1053 | D:2      | Reached XP level 3. HP: 21/24 MP: 0/7
  1514 | D:2      | Learned a level 3 spell: Vampiric Draining
  1789 | D:2      | Found an opulent altar of Gozag.
  1850 | D:2      | Reached XP level 4. HP: 30/30 MP: 1/9
  1868 | D:2      | Learned a level 4 spell: Animate Dead
  2390 | D:3      | Reached skill level 5 in Necromancy
  2390 | D:3      | Reached XP level 5. HP: 15/36 MP: 1/11
  2564 | D:3      | Noticed Purgy
  2593 | D:3      | HP: 1/36 [Purgy (1)]
  2594 | D:3      | Slain by Purgy

Skill      XL: |  1  2  3  4 |
---------------+-------------+-----
Spellcasting   | 3 4 |  4.5
Dodging        | 2 |  2.3
Necromancy     | 5 |  5.0
Fighting       | |  0.4
Short Blades   | |  0.1
Stealth        | |  1.8

Action                   |  1- 3 |  4- 6 || total
-------------------------+-------+-------++-------
Melee: Unarmed           |    30 |       ||    30
       Spear             |     6 |     6 ||    12
       Dagger            |       |    48 ||    48
 Cast: Pain              |    62 |    19 ||    81
       Animate Skeleton  |     7 |     4 ||    11
       Vampiric Draining |     1 |     8 ||     9
       Animate Dead      |       |     1 ||     1
  Use: Scroll            |     5 |       ||     5
 Stab: Sleeping          |     1 |     1 ||     2
Armor: Robe              |    15 |    30 ||    45
Dodge: Dodged            |    41 |    69 ||   110
